 Dungeon Crawl Stone Soup version 0.23-a0-584-g44dd78f (webtiles) character file.

48 Atlas the Grave Robber (level 3, -1/24 HPs)
             Began as a Mummy Necromancer on Dec 18, 2018.
             Slain by an adder (4 damage)
             ... on level 2 of the Dungeon.
             The game lasted 00:03:04 (1690 turns).

Atlas the Grave Robber (Mummy Necromancer)          Turns: 1690, Time: 00:03:04

Health: -1/24      AC:  2    Str: 11    XL:     3   Next: 50%
Magic:  7/7        EV: 12    Int: 15    God:
Gold:   47         SH:  0    Dex: 12    Spells: 4/8 levels left

rFire    x . .     SeeInvis .   (no weapon)
rCold    + . .     Gourm    .   (no shield)
rNeg     + + +     Faith    .   a - +0 robe
rPois    ∞         Spirit   .   (no helmet)
rElec    .         Reflect  .   (no cloak)
rCorr    .         Harm     .   (no gloves)
MR       .....                  (no boots)
Stlth    +.........             (no amulet)
HPRegen  0.08/turn              (no ring)
MPRegen  0.10/turn              (no ring)

@: confused
A: no food or potions, fire vulnerability, cold resistance 1, negative energy
resistance 3, torment resistance, unbreathing
a: no special abilities


You were on level 2 of the Dungeon.
You were not hungry.

You visited 1 branch of the dungeon, and saw 2 of its levels.

You collected 47 gold pieces.

Inventory:

Armour
 a - a +0 robe (worn)
Scrolls
 b - 2 scrolls of identify {unknown}
 c - a scroll of blinking {unknown}
 d - a scroll of noise {unknown}
 e - a scroll of fog {unknown}
 f - a scroll of teleportation {unknown}


   Skills:
 + Level 0.1 Fighting
 + Level 1.7 Dodging
 - Level 1.6 Stealth
 + Level 0.2 Unarmed Combat
 + Level 3.2 Spellcasting
 + Level 4.8 Necromancy


You had 4 spell levels left.
You knew the following spells:

 Your Spells              Type           Power        Failure   Level  Hunger
a - Pain                  Necr           ###.         2%          1    N/A
c - Vampiric Draining     Necr           ###.......   8%          3    N/A

Your spell library contained the following spells:

 Spells                   Type           Power        Failure   Level  Hunger
 Animate Skeleton         Necr           N/A          2%          1    N/A
 Animate Dead             Necr           N/A          26%         4    N/A
 Regeneration             Chrm/Necr      Unusable     N/A         3    N/A

Dungeon Overview and Level Annotations

Branches:
Dungeon (2/15)

Altars:

Annotations:
D:2 Sigmund


Innate Abilities, Weirdness & Mutations

You do not eat or drink.
Your flesh is vulnerable to fire.
You are immune to poison.
Your flesh is cold resistant. (rC+)
You are immune to negative energy. (rN+++)
You are immune to unholy pain and torment.
You can survive without breathing.


Message History

Sigmund gestures at you while chanting.
You are confused.
The adder bites you.
In your confused state, you trip and fall back down the stairs.
The adder closely misses you.
You're too confused to cast spells.
There isn't anything here!
Unknown command.
You're too confused to cast spells.
There isn't anything here!
Unknown command.
Unknown command.
The adder bites you. Sigmund gestures at you while chanting.
The puff of flame hits you! The fire burns you terribly!
* * * LOW HITPOINT WARNING * * *
In your confused state, you trip and fall back down the stairs.
* * * LOW HITPOINT WARNING * * *
The adder barely misses you. The adder bites you.
You die...

###### ###
..... ..# ....
#.# g.. #.#
#.. #.# #..
#.####
#..###..S.#
#....@.@#.#
##.##...#.#
........#.#
.........##.#
#.###.##.###.#
.. #. ... ..#
. .$.... ...
#####.# ...
....


You could see Sigmund and an adder.

Vanquished Creatures
  2 dart slugs (D:1)
  2 leopard geckos (D:1)
  A ball python (D:1)
  4 bats
  3 giant cockroaches (D:1)
  5 goblins (D:1)
  5 hobgoblins (D:1)
  4 jackals (D:1)
  2 frilled lizards (D:1)
  4 kobolds (D:1)
  4 rats (D:1)
36 creatures vanquished.

Notes
Turn   | Place    | Note
-------+----------+-------------------------------------------
     0 | D:1      | Atlas the Mummy Necromancer began the quest for the Orb.
     0 | D:1      | Reached XP level 1. HP: 13/13 MP: 4/4
   185 | D:1      | Reached XP level 2. HP: 19/19 MP: 2/5
   865 | D:1      | Reached XP level 3. HP: 14/24 MP: 1/7
  1556 | D:2      | Noticed Sigmund
  1570 | D:1      | Learned a level 3 spell: Vampiric Draining
  1690 | D:2      | Slain by an adder

Vault maps used:
D:1:      dpeg_arrival_rooms_b, minmay_heptomino_w4
D:2:      minmay_quadrilaterals, uniq_sigmund, uniq_jessica

Skill      XL: |  1  2 |
---------------+-------+-----
Spellcasting   | 3 |  3.2
Fighting       | |  0.1
Dodging        | |  1.7
Stealth        | |  1.6
Unarmed Combat | |  0.2
Necromancy     | |  4.8

Action                   || total
-------------------------++-------
Melee: Unarmed           ||    73
 Cast: Pain              ||    60
Armor: Robe              ||    10
Dodge: Dodged            ||    73

Table legend:
 A = Non-vault XP
 B = Vault XP
 C = Vault XP percentage of total XP
 D = Non-vault monster count
 E = Vault monster count
 F = Vault count percentage of total count
                 A         B        C        D         E       F
            +---------+---------+-------+---------+---------+-------
      Total |      51 |      18 |  26.1 |      26 |      10 |  27.8
            +---------+---------+-------+---------+---------+-------
        D:1 |      49 |      18 |  26.9 |      25 |      10 |  28.6
        D:2 |       2 |       0 |   0.0 |       1 |       0 |   0.0
            +---------+---------+-------+---------+---------+-------
